 Dungeon Crawl Stone Soup version 0.27-a0-1502-g47ed6a6988 (webtiles) character file.

Game seed: 14451169335511881848

7608 lunkers the Thaumaturge (level 11, -10/76 (84) HPs)
             Began as a Djinni Earth Elementalist on July 8, 2021.
             Was a Believer of Ashenzari.
             Killed from afar by Josephine (33 damage)
             ... with a ghostly fireball
             ... on level 11 of the Dungeon.
             The game lasted 00:13:14 (8926 turns).

lunkers the Thaumaturge (Djinni Earth Elementalist) Turns: 8926, Time: 00:13:14

HP:   -10/76 (84)   AC: 11    Str:  7    XL:     11   Next: 40%
Gold: 220           EV: 14    Int: 21    God:    Ashenzari [**....] SH:  0 Dex: 21

rFire    . . .     SeeInvis +   D - +6 whip of the Fated Sybil {protect, rF- Dex+8, Fort, Melee} (curse)
rCold    + . .     Faith    .   (no shield)
rNeg     . . .     Spirit   .   N - +2 robe {rC+}
rPois    ∞         Reflect  .   (no helmet)
rElec    .         Harm     .   j - +1 cloak "Bitterness of Ashenzari" {Fort, Cun} (curse)
rCorr    .         Rampage  .   y - +0 pair of gloves of Ashenzari's Ordeal {Range, Evo} (curse)
Will     +....                  (boots unavailable)
Stlth    +++.......             g - amulet of regeneration
HPRegen  1.22/turn              k - ring of ice
MPRegen  0.00/turn              B - +4 ring of protection

@: forested, flying, slowed, studying Spellcasting, drained, very slow
A: sickness immunity, fire resistance 2, cold vulnerability 1, float, innate
caster, hp casting, extra vitality 1
a: Renounce Religion, Shatter the Chains


You were on level 11 of the Dungeon.
You worshipped Ashenzari.
Ashenzari was pleased with you.
You visited 2 branches of the dungeon, and saw 12 of its levels.

You collected 546 gold pieces.
You spent 326 gold pieces at shops.

Inventory:

Hand Weapons
 n - a +4 quarterstaff of chaos
 D - the cursed +6 whip of the Fated Sybil (weapon) {protect, rF- Dex+8, Fort, Melee}
   (You took it off a centaur on level 5 of the Dungeon)

   It grants its wielder temporary protection when it strikes (+7 to AC).
   Dex:       It affects your dexterity (+8).
   rF:        It makes you vulnerable to fire.
   It has a curse which improves the following skills: Fortitude: Armour and
   Shields.
   Melee Combat: Short Blades, Long Blades, Axes, Maces & Flails, Polearms,
   Staves and Unarmed Combat.
Missiles
 c - 353 stones
 e - 5 curare-tipped darts
 w - a throwing net
 P - 4 atropa-tipped darts
Armour
 b - a +1 cloak
 j - the cursed +1 cloak "Bitterness of Ashenzari" (worn) {Fort, Cun}
   (You found it on level 1 of the Dungeon)

   It has a curse which improves the following skills: Fortitude: Armour and
   Shields.
   Cunning:   Dodging and Stealth.
 q - a +1 ring mail of poison resistance
 y - the cursed +0 pair of gloves of Ashenzari's Ordeal (worn) {Range, Evo}
   (You found it on level 8 of the Dungeon)

   It has a curse which improves the following skills: Ranged Combat: Slings,
   Bows, Crossbows and Throwing.
   Evocations: Evocations.
 K - +0 swamp dragon scales
 M - a +2 robe of willpower
 N - a +2 robe of cold resistance (worn)
Jewellery
 g - an amulet of regeneration (around neck)
 i - a ring of protection from fire
 k - a ring of ice (left hand)
 s - a ring of resist corrosion
 B - a +4 ring of protection (right hand)
 I - an amulet of reflection
Wands
 o - a wand of flame (8)
 C - a wand of mindburst (3)
 E - a wand of paralysis (5)
 O - a wand of digging (2)
Scrolls
 f - 4 scrolls of teleportation
 m - 4 scrolls of enchant armour
 p - a scroll of silence
 H - a scroll of fog
 J - a scroll of holy word
 L - a scroll of magic mapping
 Q - 2 scrolls of enchant weapon
Potions
 a - 3 potions of berserk rage
 d - 2 potions of might
 h - a potion of heal wounds
 l - a potion of invisibility
 r - 3 potions of lignification
 t - 2 potions of brilliance
 u - a potion of cancellation
 x - a potion of attraction
 z - 2 potions of mutation
 A - 4 potions of haste
 F - a potion of resistance
 G - 3 potions of curing


   Skills:
 + Level 9.3 Fighting
 - Level 2.1(3.3) Dodging
 - Level 1.5(2.6) Stealth
 * Level 12.6 Spellcasting


You had 10 spell levels left.
You knew the following spells:

 Your Spells              Type           Power      Damage    Failure   Level
a - Stone Arrow           Conj/Erth      100%       3d13      1%          3
b - Passwall              Tmut/Erth      50%        N/A       1%          2
c - Sandblast             Erth           100%       2d20      1%          1
d - Petrify               Tmut/Erth      60%        N/A       1%          4
e - Pain                  Necr           100%       1d9       1%          1
f - Ensorcelled Hibernat  Hex/Ice        100%       N/A       1%          2
g - Lesser Beckoning      Tloc           30%        N/A       1%          3
h - Ice Form              Ice/Tmut       78%        N/A       1%          4
i - Summon Forest         Summ/Tloc      30%        N/A       1%          5
Your spell library was empty.

Dungeon Overview and Level Annotations

Branches:
Dungeon (11/15)            Temple (1/1) D:7
   Lair: D:8-11         Orc: D:9-12

Altars:
Ashenzari
Cheibriados
Dithmenos
Elyvilon
Fedhas
Gozag
Hepliaklqana
Kikubaaqudgha
Makhleb
Nemelex Xobeh
Okawaru
Qazlal
Ru
Sif Muna
Trog
Uskayaw
Vehumet
Wu Jian
Xom
Yredelemnul
Zin
The Shining One

Shops:
D:6 *   D:7 (?[!

Annotations:
D:8 3 runed translucent doors, razgard's ghost, novice VSBe
D:11 Josephine


Innate Abilities, Weirdness & Mutations

You are immune to sickness and miasma.
You are immune to poison.
Your flesh is very heat resistant. (rF++)
You are vulnerable to cold. (rC-)
You float through the air rather than walking.
You learn spells naturally, not from books.
Your magical power is your life essence.
You have superior vitality. (+4 HP)


Message History

* * * LOW HITPOINT WARNING * * *
The wraith hits you!
* * * LOW HITPOINT WARNING * * *
The wraith drains your vigour!
You feel yourself slow down.
Casting: Stone Arrow (safe; 1% risk of failure)
Confirm with . or Enter, or press ? or * to list all spells.
A forested plane collides here with a resounding crunch!
Your dryad calls out to the forest.
The forest starts to sway and rumble!
* * * LOW HITPOINT WARNING * * *
You hear two shouts!
Josephine casts a spell at you.
The ghostly flame explodes!
The ghostly fireball engulfs you!
You feel drained.
* * * LOW HITPOINT WARNING * * *
The ghostly fireball engulfs the wraith.
The wraith completely resists.
The ghostly fireball engulfs your dryad!!
Your dryad is drained!
The ghostly fireball engulfs Josephine.
Josephine completely resists.
The ghostly fireball engulfs the centaur!!
The centaur is drained!
The centaur dies!
The wraith closely misses you.
Unknown command.
You swap places.
A tree reaches out but misses Josephine.
A root smacks the wraith from below!
The human is hit by a branch!
A tree reaches out and hits Josephine!
The wraith is waved at by a branch.
The human is waved at by a branch.
Josephine gestures at your dryad while chanting.
The ghostly flame explodes!
The ghostly fireball engulfs your dryad!!
Your dryad is drained!
Your dryad dies!
Your dryad's corpse disappears in a puff of smoke!
The forest abruptly stops moving.
The ghostly fireball engulfs the wraith.
The wraith completely resists.
The ghostly fireball engulfs you!!
You feel drained.
You die...

, ....,#.####......## *#
.....,#.###...#...# # , ....
#.....#.###.## # *
...##♣♣###........# # *
#....♣##♣.####...# # *
*♣......#.#....?.####
#....#.#.#.#.#....## ≈
♣........♣.#.####... ≈ *
#..@.#.###.#. #..# ≈ ≈ **
#..§.#.....#.# #..# ≈≈ *
♣pW@)♣#......# #..# ≈ ≈
######.♣..##.#########..#
≈≈≈#####...$.......#............#
........W..........#...........##
.>.....<....$......#......######
...................♣#...#.#
...................♣#..##.#


You could see Josephine (unaware), a human shaped shifter (unaware) and a
wraith.

Vanquished Creatures
  2 two-headed ogres
  Maurice (D:8)
  Maggie (D:9)
  2 trolls (D:10)
  A hornet (D:10)
  5 wraiths (D:10)
  A steam dragon (D:8)
  2 water moccasins
  Duvessa (D:5)
  An orc warrior (D:9)
  2 ice beasts
  A sky beast (D:6)
  2 necrophages
  A black bear (D:6)
  6 ogres
  6 centaurs
  3 phantoms (D:5)
  2 kobold brigands (D:9)
  3 bullfrogs
  A scorpion (D:11)
  Dowan (D:5)
  A water moccasin skeleton (D:5)
  3 wights (D:9)
  6 killer bees
  5 howler monkeys
  2 hounds
  2 bullfrog zombies
  3 centaur zombies
  A centaur skeleton (D:7)
  2 orc priests
  Crazy Yiuf (D:5)
  A gnoll shaman (D:8)
  5 orc wizards
  7 iguanas
  A scorpion zombie (D:5)
  2 hound zombies (D:5)
  A hound skeleton (D:4)
  A howler monkey zombie (D:9)
  7 adders
  7 gnolls
  2 shadow imps
  5 ufetubi (D:5)
  An adder zombie (D:5)
  2 worms
  2 dart slugs
  17 orcs
  4 ball pythons
  6 endoplasms
  5 giant cockroaches
  10 goblins
  8 hobgoblins
  4 quokkas
  6 bats
  2 frilled lizards (D:1)
  13 kobolds
  3 rats
193 creatures vanquished.

Vanquished Creatures (collateral kills)
  A centaur (D:11)
  A bullfrog (D:11)
2 creatures vanquished.

Vanquished Creatures (others)
  A centaur (D:11)
  A fungus (D:11)
  7 plants (D:11)
9 creatures vanquished.

Grand Total: 204 creatures vanquished

Notes
Turn   | Place    | Note
-------+----------+-------------------------------------------
     0 | D:1      | lunkers the Djinni Earth Elementalist began the quest for
                  | the Orb.
     0 | D:1      | Reached XP level 1. HP: 15/15 MP: 0/0
   280 | D:1      | Reached XP level 2. HP: 19/21 MP: 0/0
   539 | D:1      | Reached skill level 3 in Spellcasting
   724 | D:1      | Reached XP level 3. HP: 24/25 MP: 0/0
   724 | D:1      | Learned a level 1 spell: Pain
  1511 | D:2      | Found a faded altar of an unknown god.
  2224 | D:3      | Reached XP level 4. HP: 26/31 MP: 0/0
  2351 | D:3      | Found an ornate altar of the Wu Jian Council.
  2899 | D:4      | Noticed an ogre
  2901 | D:4      | Killed an ogre
  2902 | D:4      | Reached skill level 4 in Spellcasting
  2902 | D:4      | Reached XP level 5. HP: 31/35 MP: 0/0
  2902 | D:4      | Learned a level 2 spell: Ensorcelled Hibernation
  3028 | D:4      | Noticed a two-headed ogre
  3038 | D:4      | Killed a two-headed ogre
  3039 | D:4      | Reached skill level 6 in Spellcasting
  3039 | D:4      | Reached XP level 6. HP: 39/46 MP: 0/0
  3039 | D:4      | Reached XP level 7. HP: 42/50 MP: 0/0
  3039 | D:4      | Learned a level 3 spell: Lesser Beckoning
  3039 | D:4      | Reached XP level 8. HP: 48/57 MP: 0/0
  3253 | D:4      | Found a bloodstained altar of Trog.
  3253 | D:4      | Found a sacrificial altar of Ru.
  3254 | D:4      | Found a stormy altar of Qazlal.
  3689 | D:5      | Entered Level 5 of the Dungeon
  3708 | D:5      | Found a white marble altar of Elyvilon.
  3784 | D:5      | Found a runed translucent door.
  3785 | D:5      | Noticed Crazy Yiuf
  3943 | D:5      | Killed Crazy Yiuf
  4122 | D:5      | Reached skill level 7 in Spellcasting
  4357 | D:5      | Reached skill level 5 in Fighting
  4357 | D:5      | Reached XP level 9. HP: 62/65 MP: 0/0
  4357 | D:5      | Learned a level 4 spell: Ice Form
  4408 | D:5      | Identified the +6 whip of Haunted Action {protect, rF-
                  | Dex+8}
  4438 | D:5      | Found a glowing silver altar of Zin.
  4507 | D:5      | Reached skill level 8 in Spellcasting
  4637 | D:5      | Noticed Duvessa
  4638 | D:5      | Noticed Dowan
  4640 | D:5      | Killed Duvessa
  4642 | D:5      | Killed Dowan
  5101 | D:6      | Found a shadowy altar of Dithmenos.
  5119 | D:6      | Found Qoanaiff's Assorted Antiques.
  5123 | D:6      | Reached XP level 10. HP: 69/73 MP: 0/0
  5173 | D:6      | Reached skill level 9 in Spellcasting
  5524 | D:6      | Bought a purple potion for 27 gold pieces
  5524 | D:6      | Bought a fizzy brown potion for 27 gold pieces
  5524 | D:6      | Bought a scroll labelled FOQ RAILUTS for 30 gold pieces
  5524 | D:6      | Bought 3 scrolls labelled RIXZED ROBE for 90 gold pieces
  5524 | D:6      | Bought a lumpy cyan potion for 27 gold pieces
  5524 | D:6      | Bought a scroll labelled SEVACI RIAST for 30 gold pieces
  5524 | D:6      | Bought a scroll labelled KEPPIY BUTYZITWO for 30 gold
                  | pieces
  5552 | D:6      | Identified a scroll of acquirement
  5552 | D:6      | Acquired a manual of Spellcasting
  5631 | D:7      | Found Weprap's Distillery.
  5749 | D:7      | Bought a potion of heal wounds for 65 gold pieces
  5752 | D:7      | Found a staircase to the Ecumenical Temple.
  5787 | Temple   | Entered the Ecumenical Temple
  5944 | Temple   | Became a worshipper of Ashenzari the Shackled
  5972 | D:7      | Found Dausax's Antique Armour Boutique.
  6013 | D:7      | Reached skill level 10 in Spellcasting
  6040 | D:7      | Found Loxy's Magic Scroll Boutique.
  6062 | D:7      | Found Kimud's Weapon Emporium.
  6366 | D:8      | Noticed Maurice
  6372 | D:8      | Killed Maurice
  6642 | D:8      | Found a runed translucent gate.
  6643 | D:8      | Found a runed translucent gate.
  6650 | D:8      | Found a runed translucent gate.
  6652 | D:8      | Noticed razgard's ghost (novice VSBe)
  7316 | D:9      | Reached * piety under Ashenzari
  7651 | D:9      | Noticed a two-headed ogre
  7706 | D:9      | Killed a two-headed ogre
  7707 | D:9      | Reached skill level 11 in Spellcasting
  7707 | D:9      | Reached XP level 11. HP: 52/82 MP: 0/0
  7707 | D:9      | Learned a level 5 spell: Summon Forest
  7896 | D:9      | Noticed Maggie
  7902 | D:9      | Killed Maggie
  8053 | D:9      | Reached ** piety under Ashenzari
  8203 | D:10     | Entered Level 10 of the Dungeon
  8417 | D:10     | Reached skill level 12 in Spellcasting
  8582 | D:10     | Reached *** piety under Ashenzari
  8721 | D:11     | Identified the +1 scale mail "Uramoili" {rF+ Regen+ Dex-4
                  | Slay+2}
  8721 | D:11     | Noticed Josephine
  8926 | D:11     | Killed from afar by Josephine

Illustrated notes

Levels and vault maps discovered:
D:1:      dpeg_arrival_windows_large_door, layout_loops_ring, fountainhead,
          moated_statue, chequers_serial_rivers_micro_c, minmay_octomino_j4
D:2:      layout_basic, dreamdust_ecumenical_altar_grove
D:3:      layout_basic, mainiacjoe_overflow_paths
D:4:      layout_basic, gammafunk_temple_overflow_claw, st_stairs_7
D:5:      minmay_razor_zed, layout_loops_ring, kennysheep_mini_moat,
          minmay_ruined_shrine, uniq_duvessa, uniq_crazy_yiuf_cottage
D:6:      layout_layer_cave, kennysheep_mini, serial_shops,
          nicolae_take_the_stairs
D:7:      layout_cave_pools, minmay_temple_entry_stoned_glass, serial_shops,
          shop, nicolae_shop_crystal, nicolae_shop_crystal,
          nicolae_shop_crystal, chequers_garden, minivault_23
D:8:      layout_basic, gammafunk_ghost_necromancy, lemuel_another_geyser,
          uniq_maurice
D:9:      layout_loops_ring, uniq_maggie
D:10:     layout_rooms
D:11:     layout_basic, grunt_lair_entry_orc_guard_hut,
          bh_hangedman_babel_library, uniq_josephine
Temple:   nicolae_temple_elliptical

Skill      XL: |  1  2  3  4  5  6  7  8  9 10 11 |
---------------+----------------------------------+-----
Spellcasting   | 3 4 6 7 8 11 12 | 12.6
Fighting       | 3 5 6 8 9 |  9.3
Dodging        | |  2.1
Stealth        | |  1.5

Action                   |  1- 3 |  4- 6 |  7- 9 | 10-12 || total
-------------------------+-------+-------+-------+-------++-------
Melee: Unarmed           |       |       |     1 |       ||     1
 Cast: Sandblast         |    39 |     4 |       |       ||    43
       Stone Arrow       |    14 |    24 |   120 |   138 ||   296
       Ice Form          |       |       |     1 |       ||     1
       Petrify           |       |       |       |     5 ||     5
       Summon Forest     |       |       |       |     3 ||     3
Invok: Curse Item        |       |       |       |     4 ||     4
       Shatter the Chain |       |       |       |     1 ||     1
  Use: Scroll            |       |       |       |    12 ||    12
Armor: Robe              |     1 |       |     4 |    26 ||    31
Dodge: Dodged            |     6 |     4 |     5 |    58 ||    73

Table legend: (Time is in decaauts)
 A = Elapsed time spent in this place.
 B = Non-inter-level travel time spent in this place.
 C = Inter-level travel time spent in this place.
 D = Time resting spent in this place.
 E = Time spent auto-exploring this place.
 F = Levels seen in this place.
 G = Mean time per level.
                   A        B        C        D        E       F      G
               +--------+--------+--------+--------+--------+-----+--------+
         Total |   8941 |   8185 |    756 |    108 |   7072 |  12 |  745.1 |
       Dungeon |   8768 |   8048 |    720 |    108 |   6936 |  11 |  797.1 |
        Temple |    173 |    137 |     36 |      0 |    136 |   1 |  173.0 |
               +--------+--------+--------+--------+--------+-----+--------+

Top non-repeatable levels by time:
     D:1: 1235 daAuts
     D:5: 1050 daAuts
     D:8: 956 daAuts
     D:3: 932 daAuts
     D:9: 900 daAuts
     D:6: 889 daAuts
     D:4: 824 daAuts
     D:2: 695 daAuts
    D:10: 647 daAuts
     D:7: 543 daAuts
  Temple: 173 daAuts
    D:11: 93 daAuts
